 Dungeon Crawl Stone Soup version 0.23-a0-269-g65e0026 (webtiles) character file.

5749 epen the Carver (level 10, 0/72 HPs)
             Began as a Barachi Monk on Sept 30, 2018.
             Was a Priest of Cheibriados.
             Slain by a two-headed ogre
             ... wielding a +0 dire flail
              (15 damage)
             ... on level 10 of the Dungeon.
             The game lasted 00:11:36 (8721 turns).

epen the Carver (Barachi Monk)                      Turns: 8721, Time: 00:11:37

Health: 0/72       AC: 12    Str: 24    XL:     10   Next: 77%
Magic:  10/15      EV: 16    Int: 19    God:    Cheibriados [***...]
Gold:   503        SH:  0    Dex: 22    Spells: 9/9 levels left

rFire    + . .     SeeInvis +   u - +1 great sword (holy)
rCold    . . .     Gourm    .   (shield currently unavailable)
rNeg     . . .     Faith    .   o - +0 scale mail
rPois    .         Spirit   .   (no helmet)
rElec    .         Reflect  .   r - +0 cloak of the Catfish {SInv}
rCorr    .         Harm     .   H - +0 pair of gloves
MR       +....     Clarity  +   w - +1 pair of boots
Stlth    +.........             (no amulet)
HPRegen  0.00/turn              i - ring of protection from magic
MPRegen  0.14/turn              p - ring of protection from fire

@: very slow
A: +LOS, swims, clarity, frail 1, slowness 1, inhibited regeneration, strong
legs 1
a: Hop, Bend Time, Temporal Distortion, Renounce Religion


You were on level 10 of the Dungeon.
You worshipped Cheibriados.
Cheibriados was most pleased with you.
You were not hungry.

You visited 1 branch of the dungeon, and saw 10 of its levels.

You collected 503 gold pieces.

Inventory:

Hand Weapons
 a - a +0 falchion of draining
 j - a +1 falchion of electrocution
 u - a +1 great sword of holy wrath (weapon)
Armour
 b - a +0 robe
 o - a +0 scale mail (worn)
 r - the +0 cloak of the Catfish (worn) {SInv}
   (You found it on level 4 of the Dungeon)

   It lets you see invisible.
 w - a +1 pair of boots (worn)
 H - a +0 pair of gloves (worn)
Jewellery
 i - a ring of protection from magic (left hand)
 p - a ring of protection from fire (right hand)
 C - an uncursed ring of stealth
Wands
 d - a wand of paralysis (13)
 s - a wand of polymorph (16)
 v - a wand of scattershot (4)
 y - a wand of digging (23)
 A - a wand of flame (40)
Scrolls
 h - 3 scrolls of enchant weapon
 k - 5 scrolls of remove curse
 m - 2 scrolls of magic mapping
 n - 3 scrolls of identify
 x - 3 scrolls of teleportation
Potions
 e - 2 potions of might
 f - a potion of ambrosia {unknown}
 g - 3 potions of heal wounds
 l - 6 potions of curing
 q - a potion of invisibility {unknown}
 t - a potion of agility {unknown}
 z - 3 potions of degeneration {unknown}
 B - 2 potions of brilliance
 E - a potion of magic {unknown}
 F - a potion of lignification {unknown}
Comestibles
 c - 15 rations


   Skills:
 + Level 8.1 Fighting
 * Level 10.8 Long Blades
 + Level 7.1 Armour
 + Level 7.4 Dodging
 - Level 1.7 Stealth
 * Level 7.4 Invocations


You had 9 spell levels left.
You didn't know any spells.
Your spell library contained the following spells:

 Spells                   Type           Power        Failure   Level  Hunger
 Confusing Touch          Hex            #.....       41%         1    ##.....
 Confuse                  Hex            #.......     80%         3    ####...
 Gell's Gravitas          Tloc           #.........   80%         3    ####...
 Petrify                  Tmut/Erth      #.......     99%         4    #####..
 Bolt of Magma            Conj/Fire/Erth #.........   100%        5    ######.
 Iskenderun's Battlesphe  Conj/Chrm      #.......     100%        5    ######.
 Metabolic Englaciation   Hex/Ice        #.........   100%        5    ######.
 Venom Bolt               Conj/Pois      #.........   100%        5    ######.
 Yara's Violent Unravell  Hex/Tmut       #.........   100%        5    ######.
 Iron Shot                Conj/Erth      #.........   100%        6    #######
 Orb of Destruction       Conj           #.........   100%        7    #######
 Spellforged Servitor     Conj/Summ      #.........   100%        7    #######


Dungeon Overview and Level Annotations

Branches:
Dungeon (10/15)            Temple (0/1) D:7            Lair (0/6) D:8
    Orc: D:9-12

Altars:
Cheibriados
Dithmenos
Elyvilon
Okawaru
Uskayaw
Xom
The Shining One


Innate Abilities, Weirdness & Mutations

Shadows flee at your approach. (+LOS)
You can swim through water.
You cover ground slowly.
You can hop short distances.
You possess an exceptional clarity of mind.
You are frail. (-10% HP)
You do not regenerate when monsters are visible.


Message History

The two-headed ogre is heavily wounded.
The two-headed ogre hits you with a dire flail!
The two-headed ogre hits you with a dire flail.
* * * LOW HITPOINT WARNING * * *
You can feel time thicken for a moment.
You kill the worker ant!
Cheibriados thoroughly appreciates the change of pace.
You kill the orc!
Cheibriados appreciates the change of pace.
You feel somewhat more hungry.
You can no longer inflict damage on those overly hasty.
Cheibriados lowers the support of your attributes as your movement quickens.
The two-headed ogre hits you but does no damage.
The two-headed ogre hits you with a dire flail.
* * * LOW HITPOINT WARNING * * *
You hit the two-headed ogre.
The two-headed ogre is almost dead.
The two-headed ogre misses you.
The two-headed ogre hits you with a dire flail!
You die...

.# .# .## # ##..
#.####.. ####.#
##......#.o.....
#......)..a.....
#.####O##.####.#
#@##.# #.##.# .
.#. #.##.#
...... #.##.#
.#..# . #.##.#
.#..#..
#.##.###.......#
#..............#
####.#.........#
#...........#


You could see a two-headed ogre.

Vanquished Creatures
  A hornet (D:9)
  A hippogriff (D:8)
  Sigmund (D:6)
  Eustachio (D:5)
  2 hungry ghosts
  3 yaks (D:10)
  Menkaure (D:7)
  3 porcupines (D:8)
  4 ice beasts
  4 phantoms
  A black bear (D:8)
  2 orc warriors (D:6)
  2 necrophages
  3 ogres
  A centaur (D:10)
  A big kobold (D:7)
  4 bullfrogs
  5 scorpions
  14 killer bees
  A howler monkey (D:5)
  5 crimson imps
  3 hounds
  4 orc priests
  A jelly (D:5)
  3 centaur zombies
  A centaur skeleton (D:7)
  2 bullfrog skeletons
  Natasha (thrice) (D:4)
  4 orc wizards
  6 worker ants
  A hound skeleton (D:5)
  A worker ant zombie (D:9)
  4 gnolls (D:3)
  12 adders
  A shadow imp (D:6)
  2 oozes
  An adder zombie (D:7)
  2 adder skeletons (D:5)
  A worm (D:2)
  2 dart slugs
  7 leopard geckos
  19 orcs
  2 giant cockroaches (D:3)
  5 goblins
  13 hobgoblins
  10 jackals
  11 kobolds
  2 quokkas (D:4)
  A ball python (D:1)
  12 bats
  4 frilled lizards
  A jackal skeleton (D:8)
  A jackal zombie (D:5)
  8 rats
210 creatures vanquished.

Vanquished Creatures (others)
  8 fungi (D:8)
  A plant (D:8)
9 creatures vanquished.

Grand Total: 219 creatures vanquished

Notes
Turn   | Place    | Note
-------+----------+-------------------------------------------
     0 | D:1      | epen the Barachi Monk began the quest for the Orb.
     0 | D:1      | Reached XP level 1. HP: 18/18 MP: 1/1
   178 | D:1      | Reached XP level 2. HP: 25/25 MP: 2/2
   244 | D:1      | Reached skill level 4 in Long Blades
   283 | D:1      | Reached skill level 1 in Armour
   516 | D:1      | Found an iron altar of Okawaru.
   522 | D:1      | Reached XP level 3. HP: 26/30 MP: 3/3
   828 | D:2      | Found a shadowy altar of Dithmenos.
  1145 | D:2      | Reached XP level 4. HP: 32/37 MP: 4/4
  1278 | D:2      | Found a snail-covered altar of Cheibriados.
  1291 | D:2      | Became a worshipper of Cheibriados the Contemplative
  1291 | D:2      | Reached * piety under Cheibriados
  1291 | D:2      | Reached ** piety under Cheibriados
  1407 | D:3      | Reached XP level 5. HP: 40/43 MP: 5/5
  1416 | D:3      | Reached skill level 5 in Long Blades
  1522 | D:3      | Reached skill level 1 in Invocations
  1954 | D:4      | Got an ichor-stained cloak
  1961 | D:4      | Identified the +0 cloak of the Catfish {SInv} (You found it
                  | on level 4 of the Dungeon)
  2013 | D:4      | Noticed Natasha
  2015 | D:4      | Killed Natasha
  2060 | D:4      | Reached *** piety under Cheibriados
  2060 | D:4      | Reached XP level 6. HP: 49/49 MP: 7/7
  2103 | D:4      | Noticed Natasha
  2118 | D:4      | Killed Natasha
  2132 | D:4      | Noticed Natasha
  2551 | D:4      | Killed Natasha
  2551 | D:4      | Reached skill level 6 in Long Blades
  2688 | D:5      | Entered Level 5 of the Dungeon
  2712 | D:5      | Reached skill level 5 in Fighting
  2712 | D:5      | Reached XP level 7. HP: 18/56 MP: 8/8
  3277 | D:5      | Noticed Eustachio
  3294 | D:5      | Killed Eustachio
  3294 | D:5      | Reached skill level 7 in Long Blades
  3294 | D:5      | Reached skill level 5 in Dodging
  3294 | D:5      | Reached XP level 8. HP: 63/63 MP: 10/10
  3351 | D:5      | Reached **** piety under Cheibriados
  3833 | D:6      | Noticed Sigmund
  3845 | D:6      | Killed Sigmund
  3985 | D:6      | HP: 3/64 [orc warrior/battleaxe of electrocution (14)]
  3986 | D:6      | Reached skill level 8 in Long Blades
  4324 | D:6      | Found a glowing golden altar of the Shining One.
  4493 | D:6      | Found a shimmering altar of Xom.
  4493 | D:6      | Found a white marble altar of Elyvilon.
  4550 | D:6      | Reached skill level 5 in Armour
  4550 | D:6      | Reached XP level 9. HP: 61/69 MP: 12/12
  5002 | D:6      | Reached skill level 5 in Invocations
  5183 | D:7      | Noticed Menkaure
  5635 | D:6      | Gained mutation: You are frail. (-10% HP) [potion of
                  | mutation]
  5635 | D:6      | Gained mutation: You do not regenerate when monsters are
                  | visible. [potion of mutation]
  5635 | D:6      | Gained mutation: You possess an exceptional clarity of
                  | mind. [potion of mutation]
  6121 | D:7      | Killed Menkaure
  6121 | D:7      | Reached skill level 9 in Long Blades
  6495 | D:7      | Found a staircase to the Ecumenical Temple.
  6652 | D:8      | Found a staircase to the Lair.
  6691 | D:8      | Reached XP level 10. HP: 24/71 MP: 8/14
  6942 | D:8      | Reached skill level 10 in Long Blades
  7333 | D:9      | Identified a scroll of acquirement
  7370 | D:9      | Found a hide-covered altar of Uskayaw.
  7371 | D:9      | Noticed a dagger
  7372 | D:9      | Noticed a hand axe
  8070 | D:10     | Entered Level 10 of the Dungeon
  8089 | D:10     | Reached ***** piety under Cheibriados
  8713 | D:10     | Noticed a two-headed ogre
  8721 | D:10     | Slain by a two-headed ogre

Vault maps used:
D:1:      dpeg_arrival_shelter, okawaru_ov_weapons_minmay
D:2:      nicolae_overflow_crystal_walls, lemuel_coloured_pillars_altar,
          first_ration
D:4:      uniq_natasha
D:5:      uniq_eustachio
D:6:      lemuel_round_altar, gammafunk_temple_overflow_wave,
          minmay_three_doors, uniq_sigmund
D:7:      temple_doors_cd, uniq_menkaure
D:8:      due_lair_maze_entry_diamond
D:9:      dancing_weapons_uskayaw

Skill      XL: |  1  2  3  4  5  6  7  8  9 10 |
---------------+-------------------------------+-----
Long Blades    | 4 5 6 7 8 9 10 | 10.8
Armour         | 1 2 3 5 6 7 |  7.1
Fighting       | 4 5 6 7 8 |  8.1
Dodging        | 4 5 6 7 |  7.4
Invocations    | 1 2 3 4 6 7 |  7.4
Stealth        | |  1.7

Action                   |  1- 3 |  4- 6 |  7- 9 | 10-12 || total
-------------------------+-------+-------+-------+-------++-------
Melee: Falchion          |    91 |    92 |   233 |    23 ||   439
       Great sword       |       |       |       |    61 ||    61
Invok: Slouch            |       |       |     4 |     3 ||     7
       Bend Time         |       |       |     1 |       ||     1
  Use: Scroll            |       |       |    12 |     7 ||    19
       Potion            |       |       |     3 |       ||     3
 Stab: Sleeping          |     7 |     2 |       |       ||     9
  Eat: Chunk             |     1 |     3 |     3 |     2 ||     9
       Ration            |       |       |     2 |     1 ||     3
Armor: Robe              |    13 |    11 |       |       ||    24
       Scale mail        |       |    17 |    73 |    36 ||   126
Dodge: Dodged            |    77 |    86 |   197 |    92 ||   452
       Rpst.: Falchion   |    22 |    34 |    61 |     4 ||   121
       Great sword       |       |       |       |    19 ||    19

Table legend:
 A = Non-vault XP
 B = Vault XP
 C = Vault XP percentage of total XP
 D = Non-vault monster count
 E = Vault monster count
 F = Vault count percentage of total count
                 A         B        C        D         E       F
            +---------+---------+-------+---------+---------+-------
      Total |    6462 |    1751 |  21.3 |     195 |      15 |   7.1
            +---------+---------+-------+---------+---------+-------
        D:1 |      47 |       0 |   0.0 |      23 |       0 |   0.0
        D:2 |      75 |       0 |   0.0 |      27 |       0 |   0.0
        D:3 |     136 |       0 |   0.0 |      20 |       0 |   0.0
        D:4 |     311 |      35 |  10.1 |      14 |       1 |   6.7
        D:5 |     683 |     203 |  22.9 |      22 |       1 |   4.3
        D:6 |     934 |     404 |  30.2 |      19 |       4 |  17.4
        D:7 |    1060 |     172 |  14.0 |      26 |       1 |   3.7
        D:8 |     800 |     937 |  53.9 |      13 |       8 |  38.1
        D:9 |     560 |       0 |   0.0 |       6 |       0 |   0.0
       D:10 |    1856 |       0 |   0.0 |      25 |       0 |   0.0
            +---------+---------+-------+---------+---------+-------
